 Dungeon Crawl Stone Soup version 0.25.0-9-g26727b657a (webtiles) character file.

Game seed: 4153225573091618331

114309 Flugkiller the Thaumaturge (level 16, -11/124 HPs)
             Began as a Gnoll Ice Elementalist on June 17, 2020.
             Was a Priest of Cheibriados.
             Shot with an arrow by a deep elf master archer (35 damage)
             ... on level 3 of the Elven Halls.
             The game lasted 02:31:00 (8607 turns).

Flugkiller the Thaumaturge (Gnoll Ice Elementalist) Turns: 8607, Time: 02:31:01

Health: -11/124    AC: 20    Str: 21    XL:     16   Next: 65%
Magic:  5/31       EV: 17    Int: 43    God:    Cheibriados [***...]
Gold:   3608       SH:  0    Dex: 25    Spells: 15/38 levels left

rFire    + . .     SeeInvis .   f - +9 battleaxe (flame)
rCold    + + .     Gourm    .   (shield currently unavailable)
rNeg     . . .     Faith    .   K - +2 chain mail of Philately {Int+8 Slay-3}
rPois    +         Spirit   .   (no helmet)
rElec    +         Reflect  .   (no cloak)
rCorr    +         Harm     .   s - +2 pair of gloves
MR       +....                  Z - +2 pair of boots
Stlth    ++........             m - amulet of regeneration
HPRegen  0.70/turn              J - ring of protection from cold
MPRegen  0.22/turn              Q - +6 ring of intelligence

@: resistant, very slow
A: distributed training, fangs 1, strong nose
a: Bend Time, Temporal Distortion, Renounce Religion


You were on level 3 of the Elven Halls.
You worshipped Cheibriados.
Cheibriados was most pleased with you.
You were hungry.

You visited 5 branches of the dungeon, and saw 26 of its levels.
You also visited: Ice Cave and Volcano.

You collected 5142 gold pieces.
You spent 1534 gold pieces at shops.

Inventory:

Hand Weapons
 e - the +6 Majin-Bo {vamp, Archmagi MP+6 Int+6}
   (You found it in an ice cave)

   It inflicts no extra harm, but heals its wielder when it wounds a living foe.
   It affects your intelligence (+6).
   It affects your magic capacity (+6).
 f - a +9 battleaxe of flaming (weapon)
   (You took it off a wight on level 8 of the Dungeon)
 H - a +2 dagger of distortion
   (You found it on level 10 of the Dungeon)
 Y - a +2 broad axe of freezing
   (You found it on level 2 of the Lair of Beasts)
Missiles
 y - 2 throwing nets
 z - 2 silver boomerangs
 L - 15 curare-tipped darts (quivered)
Armour
 s - a +2 pair of gloves (worn)
   (You found it on level 7 of the Dungeon)
 K - the +2 chain mail of Philately (worn) {Int+8 Slay-3}
   (You bought it in a shop on level 1 of the Orcish Mines)

   It affects your intelligence (+8).
   It affects your accuracy and damage with ranged weapons and melee attacks
   (-3).
 Z - a +2 pair of boots (worn)
   (You found it on level 2 of the Lair of Beasts)
Jewellery
 d - an uncursed ring of wizardry
   (You took it off a deep elf death mage on level 1 of the Elven Halls)
 l - an uncursed ring of flight
   (You found it on level 6 of the Lair of Beasts)
 m - an amulet of regeneration (around neck)
   (You bought it in a shop on level 14 of the Dungeon)
 w - an uncursed ring of poison resistance
   (You found it on level 4 of the Dungeon)
 G - an uncursed amulet of magic regeneration
   (You found it on level 6 of the Dungeon)
 J - a ring of protection from cold (left hand)
   (You found it on level 11 of the Dungeon)
 N - an uncursed ring of teleportation
   (You found it on level 11 of the Dungeon)
 Q - a +6 ring of intelligence (right hand)
   (You found it on level 5 of the Lair of Beasts)
 W - an uncursed ring of resist corrosion
   (You found it on level 2 of the Lair of Beasts)
Wands
 p - a wand of acid (1)
   (You found it on level 7 of the Dungeon)
 q - a wand of digging (13)
   (You took it off Jessica on level 2 of the Dungeon)
 A - a wand of flame (55)
   (You found it on level 5 of the Dungeon)
 B - a wand of iceblast (26)
   (You found it on level 9 of the Dungeon)
 F - a wand of polymorph (14)
   (You found it on level 6 of the Dungeon)
 M - a wand of clouds (8)
   (You found it on level 1 of the Lair of Beasts)
 U - a wand of disintegration (4)
   (You found it on level 12 of the Dungeon)
Scrolls
 g - 4 scrolls of magic mapping
 h - 5 scrolls of fear
 n - a scroll of identify
 o - 5 scrolls of remove curse
 x - 6 scrolls of teleportation
 R - 2 scrolls of blinking
 X - 2 scrolls of fog
Potions
 a - 2 potions of heal wounds
 j - 10 potions of curing
 r - 3 potions of ambrosia
 t - 3 potions of resistance
 u - 3 potions of magic
 v - 5 potions of brilliance
 C - 2 potions of might
 E - 8 potions of flight
 I - 2 potions of cancellation
 O - 2 potions of invisibility
 P - 3 potions of mutation
 T - 3 potions of stabbing
 V - 3 potions of lignification
Miscellaneous
 b - a box of beasts
 i - a phial of floods (inert)
   (You found it in an ice cave)
 k - a lightning rod (4/4)
   (You found it on level 3 of the Lair of Beasts)
 D - a phantom mirror
 S - a tin of tremorstones (1/3)
   (You bought it in a shop on level 2 of the Orcish Mines)
Comestibles
 c - 23 rations


   Skills:
 + Level 10.8 Fighting
 + Level 10.8 Short Blades
 + Level 10.8 Long Blades
 + Level 10.8 Axes
 + Level 10.8 Maces & Flails
 + Level 10.8 Polearms
 + Level 10.8 Staves
 + Level 10.8 Slings
 + Level 10.8 Bows
 + Level 10.8 Crossbows
 + Level 10.8 Throwing
 + Level 10.8 Armour
 + Level 11.6 Dodging
 + Level 11.5 Stealth
 + Level 10.8 Shields
 + Level 10.8 Unarmed Combat
 + Level 11.7 Spellcasting
 + Level 9.1 Conjurations
 + Level 9.1 Hexes
 + Level 9.1 Charms
 + Level 9.1 Summonings
 + Level 9.1 Necromancy
 + Level 9.1 Translocations
 + Level 9.1 Transmutations
 + Level 9.1 Fire Magic
 + Level 11.4 Ice Magic
 + Level 9.1 Air Magic
 + Level 9.1 Earth Magic
 + Level 9.1 Poison Magic
 + Level 11.6 Invocations
 + Level 10.8 Evocations


You had 15 spell levels left.
You knew the following spells:

 Your Spells              Type           Power        Failure   Level  Hunger
a - Freeze                Ice            ####         1%          1    None
b - Frozen Ramparts       Ice            ######       1%          3    None
d - Summon Ice Beast      Ice/Summ       #######.     1%          4    None
e - Hailstorm             Conj/Ice       #######.     1%          4    None
f - Animate Skeleton      Necr           N/A          1%          1    None
g - Animate Dead          Necr           N/A          1%          4    None
h - Silence               Hex/Air        #######...   4%          5    None
q - Apportation           Tloc           ######       1%          1    None

Your spell library contained the following spells:

 Spells                   Type           Power        Failure   Level  Hunger
 Corona                   Hex            #######      1%          1    None
 Infusion                 Chrm           ####         1%          1    None
 Pain                     Necr           ####         1%          1    None
 Summon Small Mammal      Summ           ####         1%          1    None
 Shroud of Golubria       Chrm/Tloc      ######       1%          2    None
 Song of Slaying          Chrm           #######.     1%          2    None
 Sublimation of Blood     Necr           #######...   1%          2    None
 Confusing Touch          Hex            #######.     1%          3    None
 Conjure Flame            Conj/Fire      #######.     1%          3    None
 Gell's Gravitas          Tloc           #######...   1%          3    None
 Ignite Poison            Fire/Tmut/Pois #######.     1%          3    None
 Ozocubu's Armour         Chrm/Ice       #######.     1%          3    None
 Spectral Weapon          Hex/Chrm       #######.     1%          3    None
 Static Discharge         Conj/Air       #######.     1%          3    None
 Vampiric Draining        Necr           #######...   1%          3    None
 Cause Fear               Hex            #######...   1%          4    None
 Iskenderun's Mystic Bla  Conj/Tloc      #######.     1%          4    None
 Petrify                  Tmut/Erth      #######.     1%          4    None
 Metabolic Englaciation   Hex/Ice        #######...   3%          5    None
 Agony                    Necr           #######.     4%          5    None
 Alistair's Intoxication  Tmut/Pois      #######.     4%          5    None
 Irradiate                Conj/Tmut      #######...   4%          5    None
 Lightning Bolt           Conj/Air       #######...   4%          5    None
 Yara's Violent Unravell  Hex/Tmut       #######...   4%          5    None
 Conjure Ball Lightning   Conj/Air       #######...   26%         6    ##.....
 Eringya's Noxious Bog    Tmut/Pois      #######...   26%         6    ##.....
 Discord                  Hex            #######...   100%        8    ######.
 Ignition                 Fire           #######...   100%        8    ######.
 Shatter                  Erth           #######...   100%        9    #######
 Tornado                  Air            #######...   100%        9    #######


Dungeon Overview and Level Annotations

Branches:
Dungeon (14/15)            Temple (1/1) D:6            Lair (6/6) D:11
 Shoals (0/4) Lair:4       Spider (0/4) Lair:3        Slime (0/5) Lair:6
    Orc (2/2) D:12            Elf (3/3) Orc:2        Vaults (0/5) D:13
  IceCv (visited)         Volcano (visited)

Altars:
Ashenzari
Cheibriados
Dithmenos
Elyvilon
Fedhas
Gozag
Hepliaklqana
Kikubaaqudgha
Makhleb
Okawaru
Qazlal
Ru
Sif Muna
Uskayaw
Vehumet
Wu Jian
Xom
Yredelemnul
Zin
The Shining One
Jiyva

Shops:
D:10 %   D:12 !(   D:14 =   Orc:1 [   Orc:2 }?%=

Annotations:
D:3 Robin
D:4 Menkaure


Innate Abilities, Weirdness & Mutations

Your experience applies equally to all skills.
You have very sharp teeth.
Your uncanny sense of smell can sniff out nearby items.


Message History

The burst of rock shards engulfs the deep elf master archer!!
You kill the deep elf master archer!
Cheibriados appreciates the change of pace.
Your tin of tremorstones (2/3) has regained one charge.
The burst of rock shards engulfs the deep elf high priest but does no damage.
The burst of rock shards engulfs the deep elf elementalist.
The burst of rock shards engulfs the deep elf high priest!
The burst of rock shards engulfs the deep elf high priest.
The burst of rock shards engulfs your ice beast!
You kill your ice beast!
The burst of rock shards engulfs the deep elf high priest.
The burst of rock shards engulfs you but does no damage.
The burst of rock shards engulfs the deep elf high priest but does no damage.
The burst of rock shards engulfs the deep elf elementalist!
You kill the deep elf elementalist!
Cheibriados appreciates the change of pace.
The burst of rock shards engulfs the deep elf high priest. x2
You hear a shout! x2
The deep elf high priest invokes the aid of its god against you.
The sphere of damnation explodes!
The damnation engulfs you!!
* * * LOW HITPOINT WARNING * * *
The deep elf high priest is engulfed in poison gas.
The deep elf high priest looks as sick as possible!
You kill the deep elf high priest!
Cheibriados appreciates the change of pace.
Evoke which item? (* to show all) (? for menu, Esc to quit)
Aiming: Iceblast
Press: ? - help, Shift-Dir - straight line, f - deep elf high priest
Aim: a deep elf high priest, wielding a +1 great sword of freezing, wearing a +1 leather armour of poison resistance, wearing a +4 ring of protection and quivering 10 arrows (poison gas, severely wounded, brilliance aura)
Okay, then.
Unknown command.
Unknown command.
Evoke which item? (* to show all) (? for menu, Esc to quit)
Aim the phial where?
Press: ? - help, Shift-Dir - straight line, f - deep elf high priest
Aim: a deep elf high priest, wielding a +1 great sword of freezing, wearing a +1 leather armour of poison resistance, wearing a +4 ring of protection and quivering 10 arrows (poison gas, severely wounded, brilliance aura)
The torrent of water hits the deep elf high priest!!
The deep elf high priest is almost dead.
The wave splashes down.
The deep elf high priest is engulfed in water.
You hear a shout! x3
A deep elf master archer comes into view.
The deep elf high priest unwields a +1 great sword of freezing.
The deep elf high priest wields a +0 shortbow.
The deep elf high priest shoots an arrow.
The arrow completely misses you.
The deep elf master archer wields a +0 longbow.
The deep elf master archer shoots an arrow.
The arrow hits you!!
You die...

#.##....# #.#####.#
####.##.#..#
#....##.#
#....<..##.#
#.##.##.#
#.##.#####.#
#.##.##.# .....#
#.#########.##.##.#
.....#
#....(.☼..........#
.....#
##'###.#######.####
..####
#...##)...........#
.#
#.....#§@°..###....#
#
########§###########
.))e. .)e)§§§..
....#)§§#≈... ∆
e............ ∆∆∆
####.....#### ∆ ∆∆∆
####### ∆ ∆


You could see a deep elf master archer and a deep elf high priest (brilliance
aura, waterlogged).

Vanquished Creatures
  Jorgrun (Orc:2)
  A deep elf master archer (Elf:3)
  2 deep elf sorcerers
  A frost giant (IceCv)
  3 deep elf elementalists (Elf:3)
  Azrael (Elf:1)
  5 deep elf annihilators
  A deep elf demonologist (Elf:3)
  A deep elf death mage (Elf:1)
  A deep elf high priest (Elf:3)
  3 hydras
  A merfolk avatar (Lair:6)
  10 two-headed ogres
  A death knight (D:12)
  2 ogre magi (Orc:2)
  11 dancing weapons
  4 death yaks
  An orc high priest (Elf:3)
  5 deep elf knights
  A skeletal warrior (D:12)
  An unseen horror (D:10)
  2 deep trolls (Orc:2)
  Pikel (D:7)
  7 deep elf archers
  A harpy (Lair:6)
  A necromancer (D:13)
  37 deep elf magi
  An oklob plant (Lair:1)
  3 cyclopes
  An orc sorcerer (Orc:2)
  10 elephants
  An ice statue (IceCv)
  2 black mambas
  6 spiny frogs
  A kobold demonologist (D:11)
  A freezing wraith (D:13)
  7 komodo dragons
  5 rime drakes
  13 polar bears
  A wind drake (Lair:6)
  9 trolls
  2 blink frogs
  2 hornets
  2 hippogriffs
  6 dream sheep (Lair:6)
  Sigmund (D:2)
  5 air elementals
  A vampire (D:13)
  A wraith (D:12)
  A fire elemental (Elf:1)
  4 wyverns
  29 yaks
  A golden eye (shapeshifter) (D:13)
  A human (D:12)
  Grum (D:9)
  2 wargs
  4 water moccasins
  5 hell hounds
  5 porcupines
  A necrophage (D:11)
  A sky beast (D:12)
  A black bear (D:10)
  An ice beast (D:8)
  11 orc warriors
  24 ogres
  21 wolves
  6 centaurs
  8 crocodiles
  3 big kobolds
  5 bullfrogs
  3 earth elementals
  A wyvern skeleton (D:8)
  4 scorpions
  8 killer bees
  5 wights
  An electric eel (Lair:1)
  4 crimson imps
  A quasit (D:10)
  A hound (D:5)
  A jelly (D:13)
  9 orc priests
  A bullfrog skeleton (D:5)
  Jessica (D:2)
  12 orc wizards
  4 worker ants
  3 iguanas
  14 adders
  13 gnolls
  An ooze (D:2)
  An adder skeleton (D:4)
  An adder zombie (D:7)
  A dart slug (D:1)
  3 leopard geckos (D:1)
  46 orcs
  6 giant cockroaches
  5 hobgoblins
  11 jackals
  9 kobolds
  5 quokkas
  A ball python (D:1)
  4 bats
  2 frilled lizards
  3 goblins (D:3)
  A jackal zombie (D:5)
  A leopard gecko skeleton (D:4)
  A quokka skeleton (D:6)
  6 rats
  2 fungi
  3 plants (Lair:1)
521 creatures vanquished.

Vanquished Creatures (collateral kills)
  A deep elf annihilator (Elf:3)
  4 hydras
  2 centaur warriors
  3 death yaks
  2 two-headed ogres
  3 deep elf knights (Elf:2)
  A sea snake (Lair:6)
  6 deep elf magi
  A manticore (shapeshifter) (D:14)
  An oklob plant (Lair:1)
  3 elephants (Lair:5)
  2 rime drakes (Lair:3)
  A centaur skeleton (D:11)
  6 spiny frogs
  A komodo dragon (Lair:6)
  3 polar bears
  5 blink frogs
  3 hippogriffs
  A dream sheep (Lair:6)
  A water elemental (Elf:2)
  29 yaks
  A wyvern (D:8)
  2 wraiths
  A basilisk (Lair:5)
  7 water moccasins
  An orc warrior (Orc:2)
  3 porcupines
  A slave (D:7)
  4 ogres
  3 wolves
  6 crocodiles
  A big kobold (D:11)
  7 bullfrogs
  A scorpion (D:8)
  4 killer bees
  2 wights
  A howler monkey (D:6)
  A crimson imp (D:10)
  A centaur zombie (D:10)
  A jelly (D:8)
  9 orc priests
  6 orc wizards
  2 worker ants
  A killer bee zombie (D:8)
  5 gnolls
  21 orcs
  3 kobolds (D:11)
  A quokka (D:8)
  A butterfly (Lair:4)
  A fungus (Lair:3)
177 creatures vanquished.

Vanquished Creatures (others)
  A slave (D:7)
  2 killer bees (D:7)
  2 fungi
  5 plants (Lair:6)
10 creatures vanquished.

Grand Total: 708 creatures vanquished

Notes
Turn   | Place    | Note
-------+----------+-------------------------------------------
     0 | D:1      | Flugkiller the Gnoll Ice Elementalist began the quest for
                  | the Orb.
     0 | D:1      | Reached XP level 1. HP: 13/13 MP: 6/6
   119 | D:1      | Reached XP level 2. HP: 12/19 MP: 3/7
   272 | D:2      | Noticed Sigmund
   277 | D:2      | Killed Sigmund
   277 | D:2      | Reached skill level 1 in Fighting
   277 | D:2      | Reached skill level 1 in Short Blades
   277 | D:2      | Reached skill level 1 in Long Blades
   277 | D:2      | Reached skill level 1 in Axes
   277 | D:2      | Reached skill level 1 in Maces & Flails
   277 | D:2      | Reached skill level 1 in Polearms
   277 | D:2      | Reached skill level 1 in Staves
   277 | D:2      | Reached skill level 1 in Slings
   277 | D:2      | Reached skill level 1 in Bows
   277 | D:2      | Reached skill level 1 in Crossbows
   277 | D:2      | Reached skill level 1 in Throwing
   277 | D:2      | Reached skill level 1 in Armour
   277 | D:2      | Reached skill level 1 in Shields
   277 | D:2      | Reached skill level 1 in Unarmed Combat
   277 | D:2      | Reached skill level 5 in Spellcasting
   277 | D:2      | Reached skill level 1 in Conjurations
   277 | D:2      | Reached skill level 1 in Hexes
   277 | D:2      | Reached skill level 1 in Charms
   277 | D:2      | Reached skill level 1 in Summonings
   277 | D:2      | Reached skill level 1 in Necromancy
   277 | D:2      | Reached skill level 1 in Translocations
   277 | D:2      | Reached skill level 1 in Transmutations
   277 | D:2      | Reached skill level 1 in Fire Magic
   277 | D:2      | Reached skill level 1 in Air Magic
   277 | D:2      | Reached skill level 1 in Earth Magic
   277 | D:2      | Reached skill level 1 in Poison Magic
   277 | D:2      | Reached skill level 1 in Invocations
   277 | D:2      | Reached skill level 1 in Evocations
   277 | D:2      | Reached XP level 3. HP: 22/26 MP: 4/9
   277 | D:2      | Reached XP level 4. HP: 27/32 MP: 4/11
   277 | D:2      | Reached XP level 5. HP: 31/37 MP: 4/12
   411 | D:2      | Learned a level 3 spell: Frozen Ramparts
   415 | D:2      | Learned a level 3 spell: Ozocubu's Armour
   420 | D:2      | Learned a level 4 spell: Summon Ice Beast
   507 | D:3      | Reached XP level 6. HP: 25/44 MP: 7/13
   541 | D:3      | Noticed Robin
   615 | D:2      | Noticed Jessica
   623 | D:2      | Killed Jessica
   752 | D:3      | Reached skill level 5 in Dodging
   834 | D:4      | Noticed Menkaure
   950 | D:3      | Found a faded altar of an unknown god.
  1074 | D:4      | Found a shadowy altar of Dithmenos.
  1106 | D:4      | Found a stormy altar of Qazlal.
  1204 | D:4      | Reached XP level 7. HP: 35/50 MP: 11/15
  1427 | D:5      | Entered Level 5 of the Dungeon
  1567 | D:5      | Reached skill level 5 in Stealth
  1704 | D:6      | Found a staircase to the Ecumenical Temple.
  1714 | Temple   | Entered the Ecumenical Temple
  1787 | Temple   | Became a worshipper of Cheibriados the Contemplative
  1854 | D:6      | Reached XP level 8. HP: 25/57 MP: 5/16
  1954 | D:6      | Found an opulent altar of Gozag.
  2097 | D:6      | Found an iron altar of Okawaru.
  2125 | D:6      | Reached * piety under Cheibriados
  2228 | D:7      | Noticed Pikel
  2238 | D:7      | Killed Pikel
  2347 | D:7      | Reached XP level 9. HP: 57/65 MP: 15/18
  2451 | D:7      | Reached ** piety under Cheibriados
  2623 | D:8      | Found a white marble altar of Elyvilon.
  2695 | D:8      | Noticed a two-headed ogre
  2714 | D:8      | Noticed a two-headed ogre
  2733 | D:8      | Killed a two-headed ogre
  2733 | D:8      | Reached skill level 5 in Invocations
  2822 | D:8      | Reached XP level 10. HP: 44/73 MP: 14/20
  2832 | D:8      | Killed a two-headed ogre
  2876 | D:8      | Reached skill level 5 in Fighting
  2876 | D:8      | Reached skill level 5 in Short Blades
  2876 | D:8      | Reached skill level 5 in Long Blades
  2876 | D:8      | Reached skill level 5 in Axes
  2876 | D:8      | Reached skill level 5 in Maces & Flails
  2876 | D:8      | Reached skill level 5 in Polearms
  2876 | D:8      | Reached skill level 5 in Staves
  2876 | D:8      | Reached skill level 5 in Slings
  2876 | D:8      | Reached skill level 5 in Bows
  2876 | D:8      | Reached skill level 5 in Crossbows
  2876 | D:8      | Reached skill level 5 in Throwing
  2876 | D:8      | Reached skill level 5 in Armour
  2876 | D:8      | Reached skill level 5 in Shields
  2876 | D:8      | Reached skill level 5 in Unarmed Combat
  2876 | D:8      | Reached skill level 5 in Evocations
  2963 | D:9      | Found a basalt altar of Yredelemnul.
  2996 | D:9      | Reached *** piety under Cheibriados
  3016 | D:9      | Noticed Grum
  3024 | D:9      | Killed Grum
  3123 | D:10     | Entered Level 10 of the Dungeon
  3184 | D:10     | Noticed Sonja
  3190 | D:10     | Sonja changed into something unseen
  3193 | D:10     | Killed Sonja the unseen horror
  3219 | D:10     | Found Usunkuhire's Food Shop.
  3245 | D:10     | Reached **** piety under Cheibriados
  3285 | D:11     | Noticed a two-headed ogre
  3291 | D:11     | Noticed a death yak
  3294 | D:11     | Killed a two-headed ogre
  3294 | D:11     | Reached XP level 11. HP: 56/81 MP: 17/22
  3294 | D:11     | Noticed a death yak
  3310 | D:10     | Killed a death yak
  3466 | D:11     | Reached ***** piety under Cheibriados
  3471 | D:11     | Noticed a death yak
  3471 | D:11     | Noticed a death yak
  3478 | D:11     | Noticed a death yak
  3480 | D:11     | Noticed a death yak
  3481 | D:11     | Killed a death yak
  3481 | D:11     | Reached skill level 5 in Conjurations
  3481 | D:11     | Reached skill level 5 in Hexes
  3481 | D:11     | Reached skill level 5 in Charms
  3481 | D:11     | Reached skill level 5 in Summonings
  3481 | D:11     | Reached skill level 5 in Necromancy
  3481 | D:11     | Reached skill level 5 in Translocations
  3481 | D:11     | Reached skill level 5 in Transmutations
  3481 | D:11     | Reached skill level 5 in Fire Magic
  3481 | D:11     | Reached skill level 5 in Air Magic
  3481 | D:11     | Reached skill level 5 in Earth Magic
  3481 | D:11     | Reached skill level 5 in Poison Magic
  3485 | D:11     | Killed a death yak
  3487 | D:11     | Killed a death yak
  3490 | D:11     | Killed a death yak
  3512 | D:11     | Noticed a sixfirhy
  3522 | D:11     | Found a blossoming altar of Fedhas.
  3574 | D:12     | Found a staircase to the Orcish Mines.
  3583 | D:12     | Found Gafaud's Distillery.
  3584 | D:12     | Noticed a death knight
  3584 | D:12     | Noticed a skeletal warrior
  3586 | D:12     | Bought a potion of invisibility for 112 gold pieces
  3586 | D:12     | Bought a potion of mutation for 112 gold pieces
  3614 | D:11     | Killed a death yak
  3634 | D:12     | Found Tiwniar's Antique Weapon Boutique.
  3696 | Orc:1    | Entered Level 1 of the Orcish Mines
  3824 | Orc:2    | Entered Level 2 of the Orcish Mines
  3833 | Orc:2    | Found a dark tunnel.
  3836 | Orc:2    | Reached XP level 12. HP: 36/89 MP: 18/24
  3842 | Volcano  | Entered a volcano
  3938 | Orc:2    | Found a staircase to the Elven Halls.
  4129 | Orc:2    | Noticed a two-headed ogre
  4130 | Orc:2    | Noticed a two-headed ogre
  4130 | Orc:2    | Noticed a two-headed ogre
  4130 | Orc:2    | Noticed an ogre mage
  4130 | Orc:2    | Noticed a two-headed ogre
  4130 | Orc:2    | Noticed a two-headed ogre
  4133 | Orc:2    | Noticed a two-headed ogre
  4133 | Orc:2    | Noticed a two-headed ogre
  4135 | Orc:2    | Killed a two-headed ogre
  4135 | Orc:2    | Noticed an ogre mage
  4138 | Orc:2    | Killed a two-headed ogre
  4138 | Orc:2    | Killed a two-headed ogre
  4138 | Orc:2    | Killed a two-headed ogre
  4138 | Orc:2    | Killed an ogre mage
  4140 | Orc:2    | Noticed a two-headed ogre
  4142 | Orc:2    | Killed a two-headed ogre
  4142 | Orc:2    | Killed an ogre mage
  4142 | Orc:2    | Killed a two-headed ogre
  4142 | Orc:2    | Killed a two-headed ogre
  4142 | Orc:2    | Killed a two-headed ogre
  4142 | Orc:2    | Reached XP level 13. HP: 90/98 MP: 12/26
  4143 | Orc:2    | Found Ibbait Cuba's Jewellery Emporium.
  4145 | Orc:2    | Found Upyimnakh's Food Shop.
  4162 | Orc:2    | Found Laumuh's Magic Scroll Shoppe.
  4163 | Orc:2    | Found Uriyffe's Gadget Emporium.
  4284 | Orc:1    | Found Xialue Atsu's Antique Armour Boutique.
  4340 | Orc:2    | Noticed Jorgrun
  4352 | Orc:2    | Killed Jorgrun
  4461 | Elf:1    | Entered Level 1 of the Elven Halls
  4535 | Orc:1    | Bought a sapphire-encrusted chain mail for 304 gold pieces
  4545 | Orc:1    | Identified the +2 chain mail of Philately {Int+8 Slay-3}
                  | (You bought it in a shop on level 1 of the Orcish Mines)
  4579 | Orc:2    | Bought a tin of tremorstones (3/3) for 560 gold pieces
  4675 | D:12     | Bought a potion of might for 56 gold pieces
  4691 | D:11     | Found a staircase to the Lair.
  4700 | Lair:1   | Entered Level 1 of the Lair of Beasts
  4884 | Lair:1   | Learned a level 4 spell: Hailstorm
  4929 | Lair:1   | You fall into a shaft and drop 1 floor!
  5104 | Lair:2   | Learned a level 1 spell: Apportation
  5106 | Lair:2   | Learned a level 1 spell: Animate Skeleton
  5209 | Lair:3   | Found a hole to the Spider Nest.
  5303 | Lair:3   | Reached skill level 10 in Ice Magic
  5311 | Lair:3   | Reached ****** piety under Cheibriados
  5544 | Lair:4   | Reached skill level 10 in Spellcasting
  5558 | Lair:4   | Reached XP level 14. HP: 33/106 MP: 9/28
  5648 | Lair:4   | Found a staircase to the Shoals.
  5862 | Lair:5   | Reached skill level 10 in Dodging
  5873 | Lair:6   | Entered Level 6 of the Lair of Beasts
  5939 | Lair:6   | Reached skill level 10 in Stealth
  5943 | Lair:6   | Reached skill level 10 in Invocations
  5968 | Lair:6   | Found a viscous altar of Jiyva.
  5969 | Lair:6   | Found a staircase to the Slime Pits.
  6063 | Lair:6   | Found a frozen archway.
  6076 | IceCv    | Entered an ice cave
  6320 | IceCv    | Learned a level 4 spell: Animate Dead
  6348 | IceCv    | Noticed a frost giant
  6356 | IceCv    | Killed a frost giant
  6356 | IceCv    | Reached XP level 15. HP: 83/114 MP: 29/29
  6372 | IceCv    | Found the +6 Majin-Bo {vamp, Archmagi MP+6 Int+6}
  6790 | D:11     | You fall into a shaft and drop 2 floors!
  6790 | D:13     | You fall into a shaft and drop 1 floor!
  6797 | D:14     | Found Sezxotal's Jewellery Emporium.
  6802 | D:14     | Bought an uncursed amulet of regeneration for 390 gold
                  | pieces
  6922 | D:13     | Found a gate to the Vaults.
  7159 | Elf:1    | Noticed Azrael
  7166 | Elf:1    | Killed Azrael
  7256 | Elf:1    | Identified the Handbook of Confrontation
  7385 | Elf:2    | Reached skill level 10 in Fighting
  7385 | Elf:2    | Reached skill level 10 in Short Blades
  7385 | Elf:2    | Reached skill level 10 in Long Blades
  7385 | Elf:2    | Reached skill level 10 in Axes
  7385 | Elf:2    | Reached skill level 10 in Maces & Flails
  7385 | Elf:2    | Reached skill level 10 in Polearms
  7385 | Elf:2    | Reached skill level 10 in Staves
  7385 | Elf:2    | Reached skill level 10 in Slings
  7385 | Elf:2    | Reached skill level 10 in Bows
  7385 | Elf:2    | Reached skill level 10 in Crossbows
  7385 | Elf:2    | Reached skill level 10 in Throwing
  7385 | Elf:2    | Reached skill level 10 in Armour
  7385 | Elf:2    | Reached skill level 10 in Shields
  7385 | Elf:2    | Reached skill level 10 in Unarmed Combat
  7385 | Elf:2    | Reached skill level 10 in Evocations
  7430 | Elf:1    | Noticed a deep elf sorcerer
  7457 | Elf:1    | Killed a deep elf sorcerer
  7499 | Elf:1    | Learned a level 5 spell: Silence
  7628 | Elf:2    | Reached XP level 16. HP: 106/122 MP: 21/31
  7691 | Elf:2    | Identified 2 scrolls of acquirement
  7835 | Elf:3    | Entered Level 3 of the Elven Halls
  8593 | Elf:3    | Noticed a deep elf master archer
  8606 | Elf:3    | Killed a deep elf master archer
  8607 | Elf:3    | Noticed a deep elf master archer
  8607 | Elf:3    | Shot with an arrow by a deep elf master archer

Illustrated notes

Levels and vault maps discovered:
D:1:      scummos_arrival_simple_crosswalls, layout_loops_ring, minivault_24
D:2:      layout_basic, uniq_jessica, uniq_sigmund
D:3:      layout_rooms, serial_curves, eino_curves_01, eino_curves_02,
          eino_curves_01, chequers_ecumenical_altar_simple_redux, uniq_robin,
          uniq_grinder
D:4:      layout_loops_cross, nicolae_qazlal_general_emergency,
          amethyst_killhole, nicolae_dithmenos_the_darkroom, uniq_menkaure
D:5:      layout_rooms, first_ration, corexii_hall_statues_x
D:6:      layout_gridville, okawaru_gym_becter, kennysheep_little_box,
          minmay_temple_entry_statues_fountains
D:7:      layout_basic, marbit_many_paths, grunt_ogre_cave,
          nicolae_underground_beach, uniq_pikel, uniq_joseph
D:8:      layout_cave_pools, elyvilon_altar_5, kennysheep_small_circle
D:9:      layout_rooms, overflow_temple_1_default, basic_altar, uniq_grum
D:10:     layout_layer_cave, serial_shops,
          nicolae_shop_temple_entry_statues_fountains, uniq_sonja
D:11:     layout_cave_pools, dpeg_lair_monsters, serial_park,
          serial_park_tiny_pond, chequers_big_river, fedhas_altar_2
D:12:     layout_small_grid, erik_orc_4, serial_shops, shop, shop_fountains,
          shop, nicolae_shop_statue_plus
D:13:     layout_basic, david_vaults_4
D:14:     layout_layer_cave, hangedman_decor_riveting, serial_shops, shop
Temple:   eino_temple_rhombus
Lair:1:   minmay_guarded_unrand_snakebite, layout_gridlike,
          minmay_lair_oklob_chamber, infiniplex_staircase_pool
Lair:2:   layout_chaotic_city, grunt_megastairs_3
Lair:3:   layout_chaotic_city, spider_nest_entry_webs
Lair:4:   layout_cellular_growth, minmay_shoals_entry_centaurs,
          lemuel_fruit_fields
Lair:5:   layout_cave_pods, lookout_lair_type, grunt_megastairs_1
Lair:6:   gammafunk_lair_ancient_temple, layout_big_grid, slime_altar_1,
          portal_ice_cave_entry_pillars_1, serial_bayou_lake_a,
          lemuel_fruit_tree
Orc:1:    layout_diamond_mine, serial_shops, shop
Orc:2:    st_orc_open, layout_caves, enter_volcano_3, uniq_jorgrun
Elf:1:    eino_elf_arrival_shootout, layout_gridlike, serial_sigils,
          serial_sigils_hangedman_carve, serial_sigils_hangedman_writhe,
          serial_sigils_hangedman_shear, serial_sigils_hangedman_gut,
          minmay_elf_annihilation, uniq_azrael
Elf:2:    layout_loops_ring, st_stairs_12
Elf:3:    minmay_elf_hall_furrowed, layout_loops_corners, minivault_5

Skill      XL: |  1  2  3  4  5  6  7  8  9 10 11 12 13 14 15 16 |
---------------+-------------------------------------------------+-----
Fighting       | 1 2 3 4 5 6 7 8 9 10 | 10.8
Short Blades   | 1 2 3 4 5 6 7 8 9 10 | 10.8
Long Blades    | 1 2 3 4 5 6 7 8 9 10 | 10.8
Axes           | 1 2 3 4 5 6 7 8 9 10 | 10.8
Maces & Flails | 1 2 3 4 5 6 7 8 9 10 | 10.8
Polearms       | 1 2 3 4 5 6 7 8 9 10 | 10.8
Staves         | 1 2 3 4 5 6 7 8 9 10 | 10.8
Slings         | 1 2 3 4 5 6 7 8 9 10 | 10.8
Bows           | 1 2 3 4 5 6 7 8 9 10 | 10.8
Crossbows      | 1 2 3 4 5 6 7 8 9 10 | 10.8
Throwing       | 1 2 3 4 5 6 7 8 9 10 | 10.8
Armour         | 1 2 3 4 5 6 7 8 9 10 | 10.8
Shields        | 1 2 3 4 5 6 7 8 9 10 | 10.8
Unarmed Combat | 1 2 3 4 5 6 7 8 9 10 | 10.8
Spellcasting   | 5 6 7 8 9 10 11 | 11.7
Conjurations   | 1 2 3 4 5 6 7 8 9 |  9.1
Hexes          | 1 2 3 4 5 6 7 8 9 |  9.1
Charms         | 1 2 3 4 5 6 7 8 9 |  9.1
Summonings     | 1 2 3 4 5 6 7 8 9 |  9.1
Necromancy     | 1 2 3 4 5 6 7 8 9 |  9.1
Translocations | 1 2 3 4 5 6 7 8 9 |  9.1
Transmutations | 1 2 3 4 5 6 7 8 9 |  9.1
Fire Magic     | 1 2 3 4 5 6 7 8 9 |  9.1
Air Magic      | 1 2 3 4 5 6 7 8 9 |  9.1
Earth Magic    | 1 2 3 4 5 6 7 8 9 |  9.1
Poison Magic   | 1 2 3 4 5 6 7 8 9 |  9.1
Invocations    | 1 2 3 4 5 6 7 8 9 10 11 | 11.6
Evocations     | 1 2 3 4 5 6 7 8 9 10 | 10.8
Dodging        | 5 6 7 8 9 10 11 | 11.6
Stealth        | 5 6 7 8 9 10 11 | 11.5
Ice Magic      | 8 9 10 11 | 11.4

Action                   |  1- 3 |  4- 6 |  7- 9 | 10-12 | 13-15 | 16-18 || total
-------------------------+-------+-------+-------+-------+-------+-------++-------
Melee: Unarmed           |     2 |       |       |       |       |       ||     2
       Dagger            |     2 |       |       |       |       |       ||     2
       Hand axe          |     2 |       |       |       |       |       ||     2
       Scythe            |       |    43 |    67 |     3 |       |       ||   113
       Bite              |       |       |     6 |    16 |    63 |    11 ||    96
       Halberd           |       |       |     1 |       |       |       ||     1
       Battleaxe         |       |       |       |    80 |   250 |    60 ||   390
       Quarterstaff      |       |       |       |       |    25 |       ||    25
Throw: Dart              |       |     3 |    12 |    10 |    10 |       ||    35
       Boomerang         |       |       |       |       |    17 |       ||    17
 Cast: Freeze            |    15 |    30 |    20 |     4 |       |       ||    69
       Frozen Ramparts   |       |     6 |    24 |    31 |    48 |    13 ||   122
       Summon Ice Beast  |       |       |    16 |    49 |    69 |    12 ||   146
       Ozocubu's Armour  |       |       |     7 |     5 |       |       ||    12
       Animate Skeleton  |       |       |       |       |    16 |       ||    16
       Hailstorm         |       |       |       |       |    16 |     5 ||    21
       Apportation       |       |       |       |       |    85 |    18 ||   103
       Animate Dead      |       |       |       |       |     3 |     1 ||     4
       Silence           |       |       |       |       |       |     2 ||     2
Invok: Bend Time         |       |       |     1 |     2 |       |       ||     3
       Slouch            |       |       |       |     6 |    16 |     7 ||    29
       Temporal Distorti |       |       |       |     1 |     7 |     1 ||     9
Evoke: Wand              |       |     1 |     5 |     7 |     9 |     2 ||    24
       Tin of tremorston |       |       |       |       |     2 |     3 ||     5
       Phial of floods   |       |       |       |       |     1 |     1 ||     2
  Use: Scroll            |     4 |     4 |    14 |    11 |    13 |     4 ||    50
       Potion            |       |     2 |       |     2 |       |     2 ||     6
 Stab: Sleeping          |     3 |     6 |     3 |       |     2 |       ||    14
       Distracted        |       |     2 |     2 |       |     2 |       ||     6
  Eat: Ration            |     1 |       |     3 |     2 |     2 |       ||     8
       Chunk             |       |       |       |       |       |     1 ||     1
Armor: Robe              |     1 |       |    10 |    20 |       |       ||    31
       Leather armour    |       |     7 |    13 |       |       |       ||    20
       Scale mail        |       |       |       |    13 |       |       ||    13
       Chain mail        |       |       |       |       |   256 |    29 ||   285
Dodge: Dodged            |     7 |    61 |   127 |   169 |   565 |    68 ||   997
